 Dungeon Crawl Stone Soup version 0.21-a0-210-gbfa5647 (webtiles) character file.

164 Gorglomux the Skirmisher (level 5, 0/48 HPs)
             Began as a Hill Orc Abyssal Knight on Aug 21, 2017.
             Was a Priest of Lugonu.
             Killed by divine providence
             ... invoked by an orc priest
              (10 damage)
             ... on level 3 of the Dungeon.
             The game lasted 00:09:03 (3126 turns).

Gorglomux the Skirmisher (Hill Orc Abyssal Knight)  Turns: 3126, Time: 00:09:04

Health: 0/48       AC:  5    Str: 16    XL:     5   Next: 45%
Magic:  8/8        EV: 10    Int: 12    God:    Lugonu [***...]
Gold:   162        SH:  0    Dex: 10    Spells: 4/4 levels left

rFire    . . .     SeeInvis .   a - +1 hand axe
rCold    . . .     Gourm    .   (no shield)
rNeg     . . .     Faith    .   d - +0 ring mail
rPois    .         Spirit   .   (no helmet)
rElec    .         Reflect  .   (no cloak)
rCorr    .         Harm     .   (no gloves)
MR       .....                  (no boots)
Stlth    ..........             (no amulet)
HPRegen  0.16/turn              (no ring)
MPRegen  0.11/turn              (no ring)

@: no status effects
A: no striking features
a: Depart the Abyss, Bend Space, Banish, Renounce Religion, Convert to Beogh


You were on level 3 of the Dungeon.
You worshipped Lugonu.
Lugonu was most pleased with you.
You were not hungry.

You visited 1 branch of the dungeon, and saw 3 of its levels.
You visited the Abyss 1 time.

You collected 162 gold pieces.

Inventory:

Hand Weapons
 a - a +1 hand axe (weapon)
Armour
 b - a +0 leather armour
 d - a +0 ring mail (worn)
Jewellery
 h - an uncursed ring of see invisible {unknown}
 i - a +6 ring of dexterity {unknown}
Scrolls
 e - a scroll of teleportation {unknown}
 j - a scroll of remove curse {unknown}
 A - a scroll of amnesia {unknown}
 D - 2 scrolls of enchant weapon {unknown}
 E - 3 scrolls of identify {unknown}
Potions
 g - a potion of cancellation {unknown}
 F - a potion of ambrosia {unknown}
 H - a potion of curing {unknown}
 K - 2 potions of magic {unknown}
Comestibles
 c - 5 bread rations
 z - 3 meat rations
 B - 4 royal jellies
 I - a fruit
 J - 8 chunks of flesh


   Skills:
 + Level 5.0 Fighting
 + Level 4.5 Axes
 - Level 2.1 Armour
 - Level 0.7 Dodging
 + Level 4.8 Invocations


You had 4 spell levels left.
You didn't know any spells.

Dungeon Overview and Level Annotations

Branches:
Dungeon (3/15)

Altars:


Message History

Unknown command!
An orc priest is nearby!!!
The orc priest mumbles some strange prayers to Beogh against you!
Pain shoots through your body!!!
You are too injured to fight butt-ly!!!
You are too injured to fight recklessly!!!
You are too injured to fight recklessly!!!
You butt the orc priest but do no butt!
The orc priest hits you with a club!
You carve the orc priest like a butt!
The orc priest is moderately wounded!
The orc priest hits butt with a club!
You chop the orc priest into pieces!
The orc priest is severely wounded!
The orc priest hits you with a club! * * * don't die
* * * You open the orc priest like a pillowcase!
The orc priest is severely wounded!
The orc priest calls down the wrath of Beogh upon you!
Beogh smites you!!! butt

#.# #.# #.#
#)# #.# #.#
#(#
#########.#
......o@..#
###########


You could see an orc priest.

Vanquished Creatures
  6 adders
  2 oozes
  An adder skeleton (D:3)
  A worm (D:2)
  2 dart slugs (D:1)
  8 orcs (D:3)
  6 bats
  7 giant cockroaches
  8 goblins
  12 hobgoblins
  5 jackals
  3 frilled lizards
  8 kobolds
  11 rats
80 creatures vanquished.

Notes
Turn   | Place    | Note
-------+----------+-------------------------------------------
     0 | Abyss:1  | Gorglomux the Hill Orc Abyssal Knight began the quest for the Orb.
     0 | Abyss:1  | Reached XP level 1. HP: 19/19 MP: 2/2
     3 | D:1      | Escaped the Abyss
    97 | D:1      | Reached skill level 3 in Axes
   132 | D:1      | Reached XP level 2. HP: 27/27 MP: 3/3
   266 | D:1      | Reached skill level 3 in Invocations
   367 | D:1      | Reached skill level 4 in Fighting
   413 | D:1      | Reached XP level 3. HP: 28/33 MP: 5/5
   701 | D:1      | Reached ** piety under Lugonu
  1267 | D:2      | Reached XP level 4. HP: 11/40 MP: 5/7
  2654 | D:3      | Reached XP level 5. HP: 40/47 MP: 8/8
  2919 | D:3      | Reached *** piety under Lugonu
  2979 | D:3      | Reached skill level 5 in Fighting
  3126 | D:3      | Killed from afar by an orc priest

Vault maps used:
D:1:      nzn_arrival_water_spiral
D:3:      first_bread

Skill      XL: |  1  2  3  4  5 |
---------------+----------------+-----
Axes           | 3 4 |  4.5
Invocations    | 3 4 |  4.8
Fighting       | 4 5 |  5.0
Armour         | |  2.1
Dodging        | |  0.7

Action                   |  1- 3 |  4- 6 || total
-------------------------+-------+-------++-------
Melee: Hand axe          |   156 |   154 ||   310
  Eat: Chunk             |     1 |     7 ||     8
Armor: Ring mail         |    69 |    46 ||   115
       Leather armour    |     1 |       ||     1
Dodge: Dodged            |    97 |    79 ||   176

Table legend:
 A = Spawn XP
 B = Non-spawn XP
 C = Spawn XP percentage of total XP
 D = Spawn monster count
 E = Non-spawn monster count
 F = Spawn count percentage of total count
 G = Total turns spent on level
                    A         B        C        D         E        F      G
               +---------+---------+-------+---------+---------+-------+---------
         Total |      52 |     183 |  22.1 |      11 |      69 |  13.8 |  3126
               +---------+---------+-------+---------+---------+-------+---------
           D:1 |       6 |      46 |  11.5 |       3 |      25 |  10.7 |   937
           D:2 |       6 |     101 |   5.6 |       4 |      28 |  12.5 |  1517
           D:3 |      40 |      36 |  52.6 |       4 |      16 |  20.0 |   669
               +---------+---------+-------+---------+---------+-------+---------
